Unix NetHack Version 3.7.0-66 Work-in-progress - last build Dec 26 2022 05:50:31 (55254d10815e23f0e7c0ebc937178fe17f3ffff8,branch:master).

Game began 2023-01-14 09:53:25, ended 2023-01-14 16:22:15.

spontiff, neutral male gnomish Healer

  
unexplored area
unexplored area
unexplored area
unexplored area
unexplored area
unexplored area
wall
wall
wall
wall
wall
wall
wall
wall
wall
wall
wall
unexplored area
wall
wall
wall
wall
unexplored area
unexplored area
unexplored area
unexplored area
unexplored area
unexplored area
wall
wall
wall
wall
wall
wall
unexplored area
unexplored area
unexplored area
unexplored area
unexplored area
unexplored area
unexplored area
unexplored area
unexplored area
unexplored area
unexplored area
unexplored area
unexplored area
unexplored area
unexplored area
unexplored area
unexplored area
wall
wall
wall
corridor
corridor
corridor
corridor
corridor
*29 rocks
corridor
stone
stone
unexplored area
unexplored area
unexplored area
unexplored area
unexplored area
unexplored area
unexplored area
wall
wall
wall
stone
stone
wall
wall
wall
unexplored area
unexplored area
unexplored area
unexplored area
unexplored area
unexplored area
unexplored area
wall
.dark part of a room
.dark part of a room
.dark part of a room
.dark part of a room
.dark part of a room
.dark part of a room
.dark part of a room
.dark part of a room
.dark part of a room
wall
wall
wall
.dark part of a room
.dark part of a room
wall
wall
unexplored area
unexplored area
unexplored area
unexplored area
unexplored area
wall
.floor of a room
.floor of a room
.floor of a room
.floor of a room
wall
wall
wall
wall
wall
wall
wall
unexplored area
unexplored area
unexplored area
unexplored area
unexplored area
unexplored area
unexplored area
unexplored area
unexplored area
unexplored area
wall
wall
.dark part of a room
.dark part of a room
corridor
corridor
.dark part of a room
>staircase down
corridor
corridor
corridor
corridor
stone
stone
unexplored area
unexplored area
unexplored area
unexplored area
wall
wall
wall
.dark part of a room
wall
corridor
wall
wall
.dark part of a room
wall
wall
unexplored area
unexplored area
unexplored area
unexplored area
unexplored area
unexplored area
wall
.dark part of a room
.dark part of a room
.dark part of a room
wall
wall
.dark part of a room
.dark part of a room
.dark part of a room
.dark part of a room
.dark part of a room
.dark part of a room
.dark part of a room
.dark part of a room
.dark part of a room
.dark part of a room
wall
wall
wall
wall
wall
unexplored area
wall
.floor of a room
.floor of a room
@gnomish healer called spontiff
ggargoyle
.floor of a room
Ewater elemental
.floor of a room
.floor of a room
.floor of a room
.floor of a room
wall
wall
unexplored area
unexplored area
unexplored area
unexplored area
unexplored area
unexplored area
unexplored area
unexplored area
wall
wall
.dark part of a room
.dark part of a room
.dark part of a room
.dark part of a room
.dark part of a room
.dark part of a room
.dark part of a room
.dark part of a room
.dark part of a room
corridor
0a boulder
corridor
stone
stone
stone
unexplored area
wall
wall
.dark part of a room
.dark part of a room
.dark part of a room
.dark part of a room
.dark part of a room
.dark part of a room
.dark part of a room
.dark part of a room
.dark part of a room
wall
unexplored area
unexplored area
unexplored area
unexplored area
unexplored area
unexplored area
wall
wall
wall
.dark part of a room
wall
wall
.dark part of a room
.dark part of a room
.dark part of a room
.dark part of a room
.dark part of a room
.dark part of a room
.dark part of a room
.dark part of a room
.dark part of a room
.dark part of a room
.dark part of a room
.dark part of a room
.dark part of a room
.dark part of a room
wall
wall
wall
wall
.floor of a room
.floor of a room
.floor of a room
wall
wall
wall
)a sling
)a sling
%a forest centaur corpse
.dark part of a room
wall
unexplored area
unexplored area
unexplored area
unexplored area
unexplored area
unexplored area
unexplored area
unexplored area
wall
.dark part of a room
.dark part of a room
.dark part of a room
.dark part of a room
.dark part of a room
.dark part of a room
.dark part of a room
.dark part of a room
.dark part of a room
.dark part of a room
corridor
stone
corridor
0a boulder
0a boulder
stone
wall
wall
.dark part of a room
.dark part of a room
.dark part of a room
.dark part of a room
.dark part of a room
.dark part of a room
.dark part of a room
.dark part of a room
.dark part of a room
wall
wall
unexplored area
unexplored area
unexplored area
unexplored area
unexplored area
unexplored area
unexplored area
unexplored area
wall
.dark part of a room
wall
wall
wall
wall
.dark part of a room
wall
wall
.dark part of a room
.dark part of a room
.dark part of a room
.dark part of a room
.dark part of a room
.dark part of a room
.dark part of a room
.dark part of a room
.dark part of a room
.dark part of a room
wall
unexplored area
wall
wall
.floor of a room
.floor of a room
wall
unexplored area
wall
.dark part of a room
)a dart
%a baby crocodile corpse
wall
wall
unexplored area
unexplored area
unexplored area
unexplored area
unexplored area
unexplored area
unexplored area
unexplored area
wall
wall
.dark part of a room
.dark part of a room
.dark part of a room
.dark part of a room
.dark part of a room
.dark part of a room
.dark part of a room
.dark part of a room
.dark part of a room
wall
stone
corridor
corridor
corridor
corridor
corridor
.dark part of a room
0a boulder
.dark part of a room
.dark part of a room
.dark part of a room
corridor
corridor
.dark part of a room
.dark part of a room
.dark part of a room
wall
unexplored area
unexplored area
unexplored area
unexplored area
unexplored area
unexplored area
unexplored area
wall
wall
wall
.dark part of a room
wall
wall
wall
wall
wall
wall
wall
wall
.dark part of a room
.dark part of a room
.dark part of a room
.dark part of a room
.dark part of a room
.dark part of a room
.dark part of a room
.dark part of a room
wall
wall
unexplored area
unexplored area
wall
wall
.floor of a room
wall
unexplored area
wall
.dark part of a room
.dark part of a room
wall
wall
unexplored area
unexplored area
unexplored area
unexplored area
unexplored area
unexplored area
unexplored area
unexplored area
unexplored area
wall
wall
wall
.dark part of a room
.dark part of a room
.dark part of a room
.dark part of a room
.dark part of a room
.dark part of a room
.dark part of a room
wall
wall
stone
stone
stone
wall
corridor
wall
.dark part of a room
.dark part of a room
.dark part of a room
(a pick-axe
corridor
wall
wall
wall
wall
wall
wall
unexplored area
unexplored area
unexplored area
unexplored area
unexplored area
unexplored area
unexplored area
wall
.dark part of a room
.dark part of a room
.dark part of a room
.dark part of a room
wall
.dark part of a room
wall
wall
unexplored area
unexplored area
wall
wall
.dark part of a room
.dark part of a room
.dark part of a room
.dark part of a room
.dark part of a room
.dark part of a room
.dark part of a room
wall
unexplored area
unexplored area
unexplored area
wall
wall
.floor of a room
wall
unexplored area
wall
wall
^polymorph trap
wall
unexplored area
unexplored area
unexplored area
unexplored area
unexplored area
unexplored area
unexplored area
wall
wall
wall
wall
.dark part of a room
wall
wall
wall
.dark part of a room
wall
wall
.dark part of a room
.dark part of a room
wall
wall
wall
wall
wall
wall
.dark part of a room
.dark part of a room
.dark part of a room
(a leash
.dark part of a room
.dark part of a room
wall
stone
unexplored area
unexplored area
unexplored area
unexplored area
unexplored area
unexplored area
unexplored area
unexplored area
unexplored area
unexplored area
unexplored area
unexplored area
wall
.dark part of a room
.dark part of a room
.dark part of a room
.dark part of a room
.dark part of a room
.dark part of a room
.dark part of a room
wall
unexplored area
wall
wall
.dark part of a room
.dark part of a room
.dark part of a room
.dark part of a room
.dark part of a room
.dark part of a room
.dark part of a room
.dark part of a room
wall
wall
unexplored area
unexplored area
wall
.dark part of a room
.floor of a room
wall
unexplored area
unexplored area
wall
.dark part of a room
wall
unexplored area
unexplored area
unexplored area
unexplored area
unexplored area
unexplored area
unexplored area
wall
.dark part of a room
.dark part of a room
.dark part of a room
.dark part of a room
.dark part of a room
.dark part of a room
.dark part of a room
.dark part of a room
.dark part of a room
.dark part of a room
.dark part of a room
.dark part of a room
.dark part of a room
.dark part of a room
.dark part of a room
.dark part of a room
.dark part of a room
.dark part of a room
.dark part of a room
.dark part of a room
.dark part of a room
.dark part of a room
.dark part of a room
.dark part of a room
wall
wall
unexplored area
unexplored area
unexplored area
unexplored area
unexplored area
unexplored area
unexplored area
unexplored area
unexplored area
unexplored area
unexplored area
unexplored area
wall
wall
.dark part of a room
.dark part of a room
.dark part of a room
.dark part of a room
.dark part of a room
wall
wall
unexplored area
wall
.dark part of a room
.dark part of a room
.dark part of a room
wall
wall
.dark part of a room
.dark part of a room
.dark part of a room
wall
.dark part of a room
wall
wall
wall
wall
.dark part of a room
wall
wall
stone
stone
wall
*a rock
wall
wall
wall
unexplored area
unexplored area
unexplored area
unexplored area
unexplored area
wall
.dark part of a room
wall
wall
.dark part of a room
.dark part of a room
.dark part of a room
.dark part of a room
.dark part of a room
.dark part of a room
.dark part of a room
wall
wall
wall
wall
wall
wall
wall
wall
wall
.dark part of a room
.dark part of a room
.dark part of a room
.dark part of a room
.dark part of a room
.dark part of a room
wall
wall
unexplored area
unexplored area
unexplored area
unexplored area
unexplored area
unexplored area
unexplored area
unexplored area
unexplored area
unexplored area
unexplored area
unexplored area
wall
.dark part of a room
.dark part of a room
.dark part of a room
.dark part of a room
.dark part of a room
wall
unexplored area
unexplored area
wall
wall
wall
wall
wall
wall
wall
.dark part of a room
wall
wall
.dark part of a room
.dark part of a room
wall
wall
.dark part of a room
.dark part of a room
corridor
*7 rocks
corridor
stone
wall
.dark part of a room
)a crossbow
.dark part of a room
wall
wall
wall
unexplored area
unexplored area
unexplored area
wall
wall
wall
wall
.dark part of a room
wall
wall
wall
wall
wall
wall
wall
.dark part of a room
.dark part of a room
wall
unexplored area
unexplored area
unexplored area
unexplored area
wall
.dark part of a room
.dark part of a room
.dark part of a room
.dark part of a room
.dark part of a room
.dark part of a room
.dark part of a room
wall
wall
unexplored area
unexplored area
unexplored area
unexplored area
unexplored area
unexplored area
unexplored area
unexplored area
unexplored area
unexplored area
unexplored area
wall
wall
.dark part of a room
.dark part of a room
.dark part of a room
.dark part of a room
wall
wall
unexplored area
unexplored area
unexplored area
unexplored area
unexplored area
unexplored area
unexplored area
wall
.dark part of a room
wall
wall
wall
.dark part of a room
wall
wall
.dark part of a room
corridor
corridor
corridor
corridor
corridor
corridor
.dark part of a room
.dark part of a room
.dark part of a room
.dark part of a room
.dark part of a room
wall
wall
unexplored area
unexplored area
unexplored area
unexplored area
unexplored area
wall
.dark part of a room
wall
wall
wall
wall
wall
wall
.dark part of a room
.dark part of a room
.dark part of a room
wall
wall
wall
unexplored area
unexplored area
wall
wall
wall
wall
.dark part of a room
.dark part of a room
.dark part of a room
.dark part of a room
.dark part of a room
wall
wall
wall
wall
wall
wall
wall
wall
wall
unexplored area
unexplored area
unexplored area
unexplored area
wall
.dark part of a room
.dark part of a room
.dark part of a room
.dark part of a room
.dark part of a room
wall
wall
unexplored area
unexplored area
unexplored area
unexplored area
unexplored area
unexplored area
wall
.dark part of a room
.dark part of a room
.dark part of a room
wall
wall
wall
wall
.dark part of a room
corridor
corridor
stone
stone
stone
corridor
.dark part of a room
.dark part of a room
.dark part of a room
.dark part of a room
.dark part of a room
.dark part of a room
wall
unexplored area
unexplored area
unexplored area
unexplored area
unexplored area
wall
.dark part of a room
.dark part of a room
.dark part of a room
.dark part of a room
.dark part of a room
.dark part of a room
.dark part of a room
.dark part of a room
.dark part of a room
.dark part of a room
.dark part of a room
.dark part of a room
wall
wall
wall
wall
wall
unexplored area
wall
wall
wall
wall
wall
.dark part of a room
wall
wall
.dark part of a room
.dark part of a room
wall
wall
.dark part of a room
.dark part of a room
wall
wall
unexplored area
unexplored area
wall
wall
.dark part of a room
.dark part of a room
.dark part of a room
.dark part of a room
.dark part of a room
.dark part of a room
wall
wall
unexplored area
unexplored area
unexplored area
unexplored area
unexplored area
wall
wall
wall
.dark part of a room
wall
unexplored area
unexplored area
corridor
.dark part of a room
wall
stone
stone
unexplored area
0a boulder
corridor
corridor
.dark part of a room
.dark part of a room
.dark part of a room
.dark part of a room
.dark part of a room
wall
unexplored area
wall
wall
wall
wall
wall
.dark part of a room
.dark part of a room
wall
wall
wall
wall
.dark part of a room
.dark part of a room
.dark part of a room
.dark part of a room
.dark part of a room
.dark part of a room
wall
wall
.dark part of a room
.dark part of a room
wall
unexplored area
unexplored area
unexplored area
unexplored area
unexplored area
wall
.dark part of a room
.dark part of a room
.dark part of a room
.dark part of a room
.dark part of a room
wall
wall
wall
.dark part of a room
.dark part of a room
wall
wall
wall
wall
.dark part of a room
.dark part of a room
.dark part of a room
.dark part of a room
.dark part of a room
.dark part of a room
.dark part of a room
.dark part of a room
wall
wall
wall
wall
unexplored area
unexplored area
unexplored area
unexplored area
wall
.dark part of a room
wall
unexplored area
wall
wall
.dark part of a room
wall
unexplored area
unexplored area
stone
corridor
corridor
.dark part of a room
.dark part of a room
.dark part of a room
.dark part of a room
wall
wall
wall
unexplored area
wall
.dark part of a room
.dark part of a room
wall
wall
.dark part of a room
.dark part of a room
.dark part of a room
wall
wall
wall
.dark part of a room
.dark part of a room
.dark part of a room
.dark part of a room
.dark part of a room
.dark part of a room
.dark part of a room
.dark part of a room
.dark part of a room
.dark part of a room
wall
wall
wall
wall
wall
unexplored area
wall
wall
wall
wall
wall
wall
wall
unexplored area
wall
.dark part of a room
.dark part of a room
.dark part of a room
.dark part of a room
.dark part of a room
.dark part of a room
.dark part of a room
.dark part of a room
ia statue of a homunculus
.dark part of a room
.dark part of a room
.dark part of a room
.dark part of a room
.dark part of a room
.dark part of a room
.dark part of a room
.dark part of a room
wall
wall
unexplored area
unexplored area
unexplored area
wall
.dark part of a room
wall
wall
wall
.dark part of a room
.dark part of a room
corridor
unexplored area
unexplored area
unexplored area
stone
corridor
.dark part of a room
<staircase up
corridor
wall
wall
unexplored area
unexplored area
wall
wall
.dark part of a room
.dark part of a room
.dark part of a room
.dark part of a room
.dark part of a room
.dark part of a room
.dark part of a room
.dark part of a room
.dark part of a room
.dark part of a room
.dark part of a room
.dark part of a room
wall
wall
.dark part of a room
.dark part of a room
.dark part of a room
.dark part of a room
.dark part of a room
.dark part of a room
.dark part of a room
wall
wall
.dark part of a room
wall
wall
wall
unexplored area
unexplored area
unexplored area
unexplored area
unexplored area
unexplored area
unexplored area
wall
wall
wall
.dark part of a room
.dark part of a room
.dark part of a room
.dark part of a room
.dark part of a room
.dark part of a room
.dark part of a room
.dark part of a room
.dark part of a room
.dark part of a room
.dark part of a room
.dark part of a room
.dark part of a room
.dark part of a room
.dark part of a room
.dark part of a room
wall
wall
unexplored area
unexplored area
wall
.dark part of a room
wall
wall
.dark part of a room
.dark part of a room
.dark part of a room
corridor
unexplored area
unexplored area
unexplored area
wall
corridor
.dark part of a room
.dark part of a room
corridor
*some stones
0a boulder
stone
stone
wall
.dark part of a room
.dark part of a room
.dark part of a room
.dark part of a room
.dark part of a room
.dark part of a room
.dark part of a room
.dark part of a room
.dark part of a room
.dark part of a room
.dark part of a room
.dark part of a room
.dark part of a room
wall
wall
wall
wall
.dark part of a room
.dark part of a room
.dark part of a room
.dark part of a room
.dark part of a room
.dark part of a room
[a pair of iron shoes
.dark part of a room
.dark part of a room
.dark part of a room
wall
unexplored area
unexplored area
unexplored area
unexplored area
unexplored area
unexplored area
unexplored area
unexplored area
unexplored area
wall
wall
.dark part of a room
wall
wall
wall
.dark part of a room
.dark part of a room
.dark part of a room
.dark part of a room
.dark part of a room
.dark part of a room
.dark part of a room
.dark part of a room
.dark part of a room
.dark part of a room
.dark part of a room
.dark part of a room
wall
unexplored area
unexplored area
wall
.dark part of a room
.dark part of a room
.dark part of a room
wall
.dark part of a room
.dark part of a room
wall
wall
unexplored area
corridor
corridor
.dark part of a room
.dark part of a room
.dark part of a room
wall
corridor
corridor
corridor
wall
wall
wall
.dark part of a room
.dark part of a room
.dark part of a room
.dark part of a room
.dark part of a room
.dark part of a room
.dark part of a room
.dark part of a room
.dark part of a room
.dark part of a room
.dark part of a room
.dark part of a room
wall
wall
wall
wall
.dark part of a room
.dark part of a room
.dark part of a room
.dark part of a room
.dark part of a room
.dark part of a room
.dark part of a room
.dark part of a room
.dark part of a room
.dark part of a room
wall
unexplored area
unexplored area
unexplored area
unexplored area
unexplored area
unexplored area
unexplored area
unexplored area
unexplored area
unexplored area
wall
wall
wall
unexplored area
wall
.dark part of a room
.dark part of a room
.dark part of a room
.dark part of a room
wall
wall
wall
.dark part of a room
.dark part of a room
.dark part of a room
.dark part of a room
.dark part of a room
wall
unexplored area
unexplored area
wall
wall
wall
.dark part of a room
.dark part of a room
.dark part of a room
.dark part of a room
.dark part of a room
wall
unexplored area
unexplored area
corridor
*some stones
.dark part of a room
.dark part of a room
corridor
wall
.dark part of a room
.dark part of a room
.dark part of a room
.dark part of a room
.dark part of a room
.dark part of a room
.dark part of a room
.dark part of a room
.dark part of a room
.dark part of a room
.dark part of a room
.dark part of a room
.dark part of a room
.dark part of a room
.dark part of a room
.dark part of a room
.dark part of a room
.dark part of a room
.dark part of a room
.dark part of a room
.dark part of a room
.dark part of a room
wall
wall
wall
wall
.dark part of a room
.dark part of a room
.dark part of a room
.dark part of a room
wall
wall
unexplored area
unexplored area
unexplored area
unexplored area
unexplored area
unexplored area
unexplored area
unexplored area
unexplored area
unexplored area
unexplored area
unexplored area
unexplored area
unexplored area
wall
.dark part of a room
.dark part of a room
.dark part of a room
.dark part of a room
wall
unexplored area
wall
wall
wall
wall
.dark part of a room
.dark part of a room
wall
unexplored area
unexplored area
unexplored area
unexplored area
wall
wall
wall
wall
.dark part of a room
wall
wall
unexplored area
unexplored area
corridor
.dark part of a room
.dark part of a room
.dark part of a room
*a rock
.dark part of a room
.dark part of a room
corridor
corridor
corridor
corridor
wall
corridor
.dark part of a room
.dark part of a room
corridor
wall
.dark part of a room
.dark part of a room
wall
wall
.dark part of a room
wall
wall
.dark part of a room
.dark part of a room
wall
wall
wall
unexplored area
unexplored area
wall
wall
.dark part of a room
.dark part of a room
wall
wall
unexplored area
unexplored area
unexplored area
unexplored area
unexplored area
unexplored area
unexplored area
unexplored area
unexplored area
unexplored area
unexplored area
unexplored area
unexplored area
unexplored area
unexplored area
wall
wall
.dark part of a room
wall
wall
wall
unexplored area
unexplored area
unexplored area
unexplored area
wall
wall
.dark part of a room
wall
unexplored area
unexplored area
unexplored area
unexplored area
unexplored area
unexplored area
unexplored area
wall
wall
wall
unexplored area
unexplored area
unexplored area
corridor
corridor
.dark part of a room
wall
wall
corridor
wall
wall
corridor
corridor
0a boulder
corridor
corridor
corridor
corridor
corridor
corridor
wall
wall
wall
wall
wall
wall
wall
.dark part of a room
.dark part of a room
wall
unexplored area
unexplored area
unexplored area
unexplored area
unexplored area
wall
.dark part of a room
.dark part of a room
wall
unexplored area
unexplored area
unexplored area
unexplored area
unexplored area
unexplored area
unexplored area
unexplored area
unexplored area
unexplored area
unexplored area
unexplored area
unexplored area
unexplored area
unexplored area
unexplored area
unexplored area
wall
wall
wall
unexplored area
unexplored area
unexplored area
unexplored area
unexplored area
unexplored area
unexplored area
wall
wall
wall
unexplored area
unexplored area
unexplored area
unexplored area
unexplored area
unexplored area
unexplored area
unexplored area
unexplored area
unexplored area
unexplored area
unexplored area
unexplored area
unexplored area
corridor
wall
wall
stone
stone
stone
stone
stone
stone
unexplored area
unexplored area
unexplored area
unexplored area
unexplored area
unexplored area
unexplored area
unexplored area
unexplored area
unexplored area
unexplored area
unexplored area
unexplored area
wall
wall
wall
wall
unexplored area
unexplored area
unexplored area
unexplored area
unexplored area
wall
wall
wall
wall
unexplored area
unexplored area
unexplored area
unexplored area
unexplored area
unexplored area
unexplored area
unexplored area
[Spontiff the Rhizotomist ] St:9 Dx:9 Co:16 In:7 Wi:17 Ch:18 Neutral S:450 Dlvl:9 $:0 HP:0(29) Pw:0(5) AC:-5 Xp:1/0 T:4679

Latest messages:

In what direction? b
The sleep ray hits the genetic engineer.
The sleep ray bounces!
The wraith picks up a dart.
What do you want to use or apply? [afkostwxzS or ?*] s
In what direction? b
Status of the genetic engineer (neutral): Level 11 HP 51(51) AC 3, can't move.
You step onto a polymorph trap!
You feel momentarily different.
You step onto a polymorph trap!
You feel momentarily different.
You stop. Your wraith doesn't want to swap places.
What do you want to use or apply? [afkostwxzS or ?*] z
In what direction? k
The leash would just fall off.
You escape a polymorph trap.
You see here a rock.
You begin bashing monsters with your cream pie.
You miss the gargoyle.
The gargoyle hits!
The gargoyle hits!
The gargoyle misses!
What do you want to zap? [S or ?*] S
In what direction? h
The sleep ray misses the gargoyle.
The gargoyle hits!
The gargoyle just misses!
The gargoyle just misses!
You see here 7 rocks.
a - an uncursed cream pie (wielded).
You are empty handed.
a - an uncursed cream pie (alternate weapon; not wielded).
You harmlessly attack the wall.
a - an uncursed cream pie (wielded).
You have no secondary weapon readied.
You begin bashing monsters with your cream pie.
You miss the water elemental.
The water elemental hits!
#argh: unknown extended command.
In what direction? .
You feel better.
The gargoyle hits!
The gargoyle hits!
The gargoyle bites!
The gargoyle hits!
The gargoyle hits!
The gargoyle bites!
You die...
Do you want your possessions identified? [ynq] (y) y
Do you want to see the dungeon overview? [ynq] (y) y

Inventory:

Amulets

A - an uncursed amulet versus poison (being worn)

Armor

h - an uncursed +0 dwarvish iron helm (being worn)
g - an uncursed +1 pair of leather gloves (being worn)
v - an uncursed +0 pair of water walking boots (being worn)
q - an uncursed +1 cloak of magic resistance (being worn)
d - an uncursed +0 leather armor (being worn)

Comestibles

y - an uncursed apple
a - an uncursed cream pie (wielded)
p - an uncursed tripe ration

Potions

c - a blessed potion of healing

Wands

S - an uncursed wand of sleep (0:0)

Tools

f - an uncursed bag of holding containing 47 items
t - an uncursed blindfold
z - an uncursed leash
x - an uncursed magic lamp (lit)
w - an uncursed mirror
k - an uncursed skeleton key
s - an uncursed stethoscope
o - an uncursed tin whistle

Contents of the bag of holding:

a cursed amulet versus poison
an uncursed +0 dart
a blessed +0 pair of leather gloves
a cursed -2 pair of fumble boots
an uncursed +2 dwarvish cloak
an uncursed food ration
an uncursed lembas wafer
a cursed tripe ration
2 uncursed scrolls of blank paper
2 uncursed scrolls of blank paper
a cursed scroll of blank paper
an uncursed scroll of confuse monster
a cursed scroll of create monster
an uncursed scroll of earth
an uncursed scroll of enchant armor
an uncursed scroll of gold detection
3 uncursed scrolls of identify
a cursed scroll of identify
a blessed scroll of magic mapping
an uncursed scroll of magic mapping
an uncursed scroll of remove curse
an uncursed scroll of teleportation
2 uncursed potions of extra healing
an uncursed potion of fruit juice
a cursed potion of gain ability
an uncursed potion of hallucination
an uncursed potion of levitation
a cursed potion of monster detection
an uncursed ring of cold resistance
an uncursed ring of fire resistance
an uncursed +2 ring of gain constitution
an uncursed ring of polymorph control
an uncursed wand of digging (0:7)
an uncursed wand of sleep (0:1)
an uncursed wand of slow monster (0:5)
a cursed wand of striking (0:0)
an uncursed magic marker (0:90)
an uncursed +0 pick-axe
an uncursed fluorite stone
an uncursed obsidian stone
an uncursed worthless piece of black glass
an uncursed worthless piece of blue glass
an uncursed worthless piece of orange glass
an uncursed worthless piece of red glass
an uncursed worthless piece of violet glass
an uncursed worthless piece of white glass
an uncursed worthless piece of yellowish brown glass

Spontiff the Healer's attributes:


Background:

You were a Rhizotomist, a level 1 male gnomish Healer.
You were neutral, on a mission for Hermes
who was opposed by Athena (lawful) and Poseidon (chaotic).
You were in the Gnomish Mines, on level 9.
You entered the dungeon 4679 turns ago.
You had 0 experience points, 20 were needed to attain level 2.
Your score was 450 before end-of-game adjustments.

Basics:

You had 0 out of 29 hit points.
You had 0 out of 5 energy points (spell power).
Your armor class was -5.
Your wallet was empty.
Autopickup was on for '$!/="?' plus thrown, with exceptions.

FinalCharacteristics:

Your strength was 9 (limit:18/50).
Your dexterity was 9 (limit:18).
Your constitution was 16 (limit:18).
Your intelligence was 7 (limit:19).
Your wisdom was 17 (limit:18).
Your charisma was 18 (limit:18).

Final Status:

You were not hungry.
You were unencumbered.
You were wielding some food.

Final Attributes:

You were piously aligned.
You were magic-protected.
You were poison resistant.
You had infravision.
You could walk on water.
You had a moderate defense bonus (+6).
You were warded.
You are dead.

Miscellaneous:
You encountered 2 bones levels.
Total elapsed playing time was 1 hour, 53 minutes and 48 seconds.

Major events:

Turn

1: spontiff the neutral male gnomish Healer entered the dungeon
862: entered the Gnomish Mines
2559: reached Mine Town
4679: killed by a gargoyle

Vanquished creatures:

a watch captain
a Grey-elf
a watchman
a lynx
2 giant spiders
a forest centaur
2 rock piercers
a pony
a fog cloud
a violet fungus
a gnome leader
2 paper golems
a baby crocodile
4 giant ants
a little dog
2 kittens
8 dwarves
2 homunculi
2 rothes
2 giant bats
a wererat
a werejackal
4 iguanas
a killer bee
2 acid blobs
3 hobbits
2 hobgoblins
a cave spider
8 gnomes
7 geckos
6 jackals
2 foxes
3 kobolds
5 goblins
2 sewer rats
12 grid bugs
2 bats
6 lichens
2 kobold zombies
7 newts
114 creatures vanquished.
No species were genocided or became extinct.

Voluntary challenges:

You never hit with a wielded weapon.
You were a pacifist.
You were illiterate.
You never engraved Elbereth.
You never genocided any monsters.
You never polymorphed an object.
You never changed form.
You used no wishes.

Achievements:

You entered a shop.
You entered the Gnomish Mines.
You entered Minetown.
You entered a temple.

The Dungeons of Doom: levels 1 to 2

   Level 1:
Level 2:
A general store.
Stairs down to The Gnomish Mines.

The Gnomish Mines: levels 3 to 10

   Level 3:
Level 4:
A grave.
Final resting place for
Ted-Wiz-Hum-Mal-Neu, killed by a dwarf.
Level 5:
A grave.
Final resting place for
Imanity-Wiz-Hum-Mal-Neu, killed by a crossbow bolt,
Ted-Wiz-Hum-Mal-Neu, killed by a wolf.
Level 6: "Stashlet"
Many shops, a temple, some fountains, some trees.
Level 7:
Level 8:
Level 9: "Polytrap; homunculus statue trap" <- You were here.
Final resting place for
you, killed by a gargoyle.
Level 10:

Game over:

----------
/ \
/ REST \
/ IN \
/ PEACE \
/ \
| spontiff |
| 0 Au |
| killed by a |
| gargoyle |
| |
| |
| 2023 |
*| * * * | *
_________)/\\_//(\/(/\)/\//\/|_)_______

Goodbye spontiff the Healer...


You died in The Gnomish Mines on dungeon level 9 with 450 points,
and 0 pieces of gold, after 4679 moves.
You were level 1 with a maximum of 29 hit points when you died.